 Dungeon Crawl Stone Soup version 0.20.1-1-g8b1a95d (webtiles) character file.

10733 homeworkjunkie the Severer (level 11, -1/99 HPs)
             Began as a Hill Orc Fighter on Nov 21, 2017.
             Was a High Priest of Okawaru.
             Slain by Snorg (6 damage)
             ... on level 10 of the Dungeon.
             The game lasted 00:21:03 (10554 turns).

homeworkjunkie the Severer (Hill Orc Fighter)      Turns: 10554, Time: 00:21:04

Health: -1/99      AC: 17    Str: 21    XL:     11   Next: 66%
Magic:  14/14      EV:  9    Int:  8    God:    Okawaru [*****.]
Gold:   1076       SH:  0    Dex: 12    Spells: 10/10 levels left

rFire    + . .     SeeInvis .   w - +4 executioner's axe (chop)
rCold    + . .     Gourm    .   (shield currently unavailable)
rNeg     . . .     Faith    +   b - +2 chain mail {rC+}
rPois    +         Spirit   .   i - +1 helmet
rElec    .         Reflect  .   m - +0 cloak
rCorr    .         Harm     .   (no gloves)
MR       .....                  (no boots)
Stlth    ..........             c - amulet of faith
Regen    0.3/turn               j - ring of poison resistance
MPRegen  0.2/turn               E - ring of protection from fire

@: no status effects
A: no striking features
a: Heroism, Finesse, Renounce Religion


You were on level 10 of the Dungeon.
You worshipped Okawaru.
Okawaru was extremely pleased with you.
You were not hungry.

You visited 2 branches of the dungeon, and saw 13 of its levels.

You collected 1140 gold pieces.
You spent 64 gold pieces at shops.

Inventory:

Hand Weapons
 a - a +1 war axe
 w - a +4 executioner's axe of chopping (weapon)
Armour
 b - a +2 chain mail of cold resistance (worn)
 g - a +2 pair of gloves
 i - a +1 helmet (worn)
 m - a +0 cloak (worn)
 o - a +0 pair of gloves
Jewellery
 c - an amulet of faith (around neck)
 j - a ring of poison resistance (left hand)
 t - a cursed amulet of inaccuracy {unknown}
 E - a ring of protection from fire (right hand)
Wands
 r - a wand of flame (0/48)
 G - a wand of acid (8/15)
Scrolls
 h - 6 scrolls of remove curse
 x - a scroll of teleportation
Potions
 d - 2 potions of lignification
 e - 2 potions of flight
 l - a potion of invisibility
 n - a potion of cancellation {unknown}
 p - 2 potions of resistance {unknown}
 q - a potion of might
 u - 3 potions of haste {unknown}
 v - 4 potions of curing
 z - a potion of ambrosia {unknown}
 D - 2 potions of degeneration {unknown}
Comestibles
 f - 3 bread rations
 k - 5 meat rations
 s - 10 royal jellies


   Skills:
 * Level 9.6 Fighting
 * Level 15.2 Axes
 * Level 9.0 Armour
 + Level 2.1 Dodging
 + Level 1.4 Stealth
   Level 6.7 Shields
 * Level 4.8 Evocations


You had 10 spell levels left.
You didn't know any spells.

Dungeon Overview and Level Annotations

Branches:
Dungeon (12/15)            Temple (1/1) D:4             Orc (0/2) D:11
   Lair: D:8-11

Altars:
Ashenzari
Cheibriados
Dithmenos
Elyvilon
Fedhas
Gozag
Hepliaklqana
Kikubaaqudgha
Makhleb
Nemelex Xobeh
Okawaru
Ru
Sif Muna
Uskayaw
Yredelemnul
Zin
The Shining One

Shops:
D:4 ?   D:10 }*   D:11 ?

Portals:
Trove: D:10 (give 3 potions of resistance)

Annotations:
D:10 Snorg


Message History

You are too injured to fight recklessly!
You are too injured to fight recklessly!
You are too injured to fight recklessly!
You are too injured to fight recklessly!
You are too injured to fight recklessly!
You are too injured to fight recklessly!
You are too injured to fight recklessly!
You are too injured to fight recklessly!
You are too injured to fight recklessly!
You are too injured to fight recklessly!
You are too injured to fight recklessly!
You are too injured to fight recklessly!
You are too injured to fight recklessly!
You closely miss Snorg. Snorg bites you. Snorg claws you. Snorg claws you!
* * * LOW HITPOINT WARNING * * *
Snorg barely misses you. Snorg claws you but does no damage. Snorg claws you!
* * * LOW HITPOINT WARNING * * *
You closely miss Snorg. Snorg closely misses you. Snorg barely misses you.
Snorg claws you.
You die...

##.####
#...#.#
#.#.#.# ##
#.#...#
....#######†#
#.........#
#####.#####
#.....#
####@## #T#
##Y# #..#
######'####
#.........#
#.........#
#........†#
+.........#


You could see Snorg (berserk) and a yak.

Vanquished Creatures
  A two-headed ogre (D:8)
  The ghost of Agrougrou the Carver, a novice BaFi (D:7)
  Pikel (D:7)
  A cyclops (D:11)
  A centaur skeleton (D:10)
  A gargoyle (D:11)
  2 trolls (D:11)
  Prince Ribbit (D:8)
  Grinder (D:3)
  5 hornets
  A wyvern (D:11)
  4 yaks (D:10)
  2 basilisks (D:11)
  Menkaure (D:5)
  Edmund (D:6)
  A soldier ant (D:8)
  A water moccasin (D:8)
  5 sky beasts
  An eye of draining (D:9)
  2 phantoms
  3 ice beasts
  2 slaves
  4 ogres
  A crocodile (D:8)
  7 centaurs
  The ghost of Gremour the Slasher, an amateur GrFi (D:3)
  2 big kobolds (D:11)
  2 bullfrogs (D:9)
  A wyvern zombie (D:9)
  A wyvern skeleton (D:9)
  3 scorpions
  2 water moccasin skeletons
  6 killer bees (D:11)
  A vampire bat (D:5)
  4 wights (D:7)
  2 howler monkeys
  2 centaur zombies
  6 crimson imps
  4 jellies
  7 orc priests
  2 hounds
  Crazy Yiuf (D:5)
  6 bullfrog skeletons
  6 orc wizards
  Jessica (D:2)
  Ijyb (D:4)
  An iguana (D:8)
  10 worker ants
  A hound skeleton (D:4)
  Robin (D:2)
  5 gnolls (D:5)
  A howler monkey skeleton (D:5)
  14 adders
  3 shadow imps
  5 oozes
  2 adder zombies (D:5)
  5 worms
  3 dart slugs
  6 leopard geckos
  41 orcs
  3 bat skeletons (D:5)
  2 bat zombies (D:5)
  8 giant cockroaches
  15 goblins
  11 hobgoblins
  4 jackals (D:1)
  4 quokkas
  3 bats
  3 frilled lizards (D:1)
  5 kobolds
  A leopard gecko skeleton (D:5)
  9 rats
  2 plants (D:3)
280 creatures vanquished.

Vanquished Creatures (others)
  An orc wizard (D:5)
1 creature vanquished.

Grand Total: 281 creatures vanquished

Notes
Turn   | Place    | Note
-------+----------+-------------------------------------------
     0 | D:1      | homeworkjunkie the Hill Orc Fighter began the quest for the Orb.
     0 | D:1      | Reached XP level 1. HP: 19/19 MP: 1/1
   103 | D:1      | Reached XP level 2. HP: 24/27 MP: 2/2
   244 | D:2      | Reached skill level 3 in Axes
   306 | D:3      | Noticed Gremour's ghost (amateur GrFi)
   314 | D:3      | Killed Gremour's ghost
   314 | D:3      | Reached skill level 4 in Axes
   314 | D:3      | Reached XP level 3. HP: 19/33 MP: 3/3
   314 | D:3      | Reached XP level 4. HP: 23/40 MP: 4/4
   389 | D:3      | Reached XP level 5. HP: 19/47 MP: 5/5
   669 | D:5      | Entered Level 5 of the Dungeon
   718 | D:3      | Noticed Grinder
   723 | D:3      | Paralysed by Grinder for 4 turns
   742 | D:3      | Paralysed by Grinder for 2 turns
   845 | D:4      | Reached skill level 5 in Axes
  1048 | D:4      | Found a hazy altar of Hepliaklqana.
  1048 | D:4      | Found a blossoming altar of Fedhas.
  1131 | D:2      | Noticed Robin
  1135 | D:2      | Reached XP level 6. HP: 53/53 MP: 6/6
  1140 | D:2      | Noticed Jessica
  1151 | D:2      | Killed Robin
  1153 | D:2      | Killed Jessica
  1771 | D:3      | Paralysed by Grinder for 2 turns
  1773 | D:3      | Killed Grinder
  1773 | D:3      | Reached skill level 5 in Fighting
  1773 | D:3      | Reached skill level 6 in Axes
  1773 | D:3      | Reached skill level 5 in Armour
  1773 | D:3      | Reached skill level 1 in Dodging
  1773 | D:3      | Reached XP level 7. HP: 25/61 MP: 7/7
  2156 | D:1      | Found a runed door.
  2362 | D:1      | Reached skill level 7 in Axes
  2833 | D:4      | Noticed Ijyb
  2836 | D:4      | Reached skill level 5 in Shields
  2858 | D:4      | Killed Ijyb
  2877 | D:4      | Found a basalt altar of Yredelemnul.
  2893 | D:4      | Reached skill level 8 in Axes
  2893 | D:4      | Reached XP level 8. HP: 36/68 MP: 4/8
  3243 | D:4      | Found a staircase to the Ecumenical Temple.
  3251 | Temple   | Entered the Ecumenical Temple
  3339 | Temple   | Became a worshipper of Warmaster Okawaru
  3410 | D:4      | Found Iwewkiul's Magic Scroll Boutique.
  3700 | D:5      | Found a sparkling altar of Nemelex Xobeh.
  3723 | D:5      | Found a runed door.
  3727 | D:5      | Noticed Crazy Yiuf
  3733 | D:5      | Killed Crazy Yiuf
  3832 | D:5      | You fall through a shaft!
  3853 | D:5      | Reached skill level 9 in Axes
  3866 | D:5      | Noticed Menkaure
  3877 | D:5      | Killed Menkaure
  3877 | D:5      | Reached * piety under Okawaru
  4169 | D:5      | Reached skill level 1 in Evocations
  4261 | D:5      | Found an ancient bone altar of Kikubaaqudgha.
  4540 | D:5      | Reached XP level 9. HP: 71/75 MP: 9/9
  5079 | D:6      | Reached skill level 10 in Axes
  5415 | D:5      | Identified 3 scrolls of acquirement
  5534 | D:6      | Reached skill level 1 in Stealth
  5775 | D:6      | Reached ** piety under Okawaru
  6116 | D:6      | Noticed Edmund
  6120 | D:6      | Killed Edmund
  6401 | D:7      | Noticed Agrougrou's ghost (novice BaFi)
  6409 | D:7      | Killed Agrougrou's ghost
  6409 | D:7      | Reached skill level 11 in Axes
  6619 | D:7      | Noticed Pikel
  6699 | D:7      | Killed Pikel
  6699 | D:7      | Reached *** piety under Okawaru
  6699 | D:7      | Reached skill level 12 in Axes
  6699 | D:7      | Reached XP level 10. HP: 86/86 MP: 10/12
  7485 | D:8      | Noticed Prince Ribbit
  7487 | D:8      | Noticed a two-headed ogre
  7491 | D:8      | Killed Prince Ribbit
  7501 | D:8      | Found a deep blue altar of Sif Muna.
  7822 | D:8      | Killed a two-headed ogre
  7822 | D:8      | Reached **** piety under Okawaru
  7822 | D:8      | Reached skill level 13 in Axes
  8041 | D:8      | Reached ***** piety under Okawaru
  8502 | D:9      | Found a sparkling altar of Nemelex Xobeh.
  8580 | D:10     | Entered Level 10 of the Dungeon
  8699 | D:9      | Reached skill level 14 in Axes
  8808 | D:9      | Reached XP level 11. HP: 95/95 MP: 14/14
  8813 | D:9      | Paralysed by a hornet for 1 turns
  8814 | D:9      | Received a gift from Okawaru
  9149 | D:10     | Found Ycoduch's Gadget Shop.
  9397 | D:11     | Found a staircase to the Orcish Mines.
  9399 | D:11     | Paralysed by a hornet for 2 turns
  9476 | D:11     | Found Nigg's Magic Scroll Emporium.
  9675 | D:11     | Reached skill level 15 in Axes
  9771 | D:11     | Bought a scroll of identify for 32 gold pieces
  9771 | D:11     | Bought a scroll of identify for 32 gold pieces
  9945 | D:11     | Noticed a cyclops
  9953 | D:11     | Killed a cyclops
 10468 | D:10     | Found a portal to a secret trove of treasure.
 10532 | D:10     | Found Untaune's General Store.
 10536 | D:10     | Noticed Snorg
 10554 | D:10     | Slain by Snorg

Skill      XL: |  1  2  3  4  5  6  7  8  9 10 11 |
---------------+----------------------------------+-----
Axes           | 4 5 6 8 9 12 14 15 | 15.2
Fighting       | 4 5 6 7 8 9 |  9.6
Armour         | 4 5 6 7 9 |  9.0
Shields        | 4 5 6 |  6.7
Dodging        | 1 2 |  2.1
Evocations     | 1 2 4 |  4.8
Stealth        | 1 |  1.4

Action                   |  1- 3 |  4- 6 |  7- 9 | 10-12 || total
-------------------------+-------+-------+-------+-------++-------
Melee: War axe           |    47 |   121 |   379 |       ||   547
       Executioner's axe |       |       |    73 |   271 ||   344
Evoke: Wand              |       |       |     2 |    16 ||    18
  Use: Potion            |     1 |       |     1 |     2 ||     4
       Scroll            |       |     5 |    12 |     9 ||    26
  Eat: Royal jelly       |       |     1 |     2 |     2 ||     5
       Fruit             |       |     1 |     6 |     8 ||    15
       Meat ration       |       |       |     2 |       ||     2
Armor: Scale mail        |    18 |    57 |   186 |     5 ||   266
       Ring mail         |       |       |    28 |       ||    28
       Chain mail        |       |       |       |   178 ||   178
Dodge: Dodged            |     8 |    30 |   156 |   152 ||   346
Block: Shield            |    24 |    59 |   187 |       ||   270
